 Dungeon Crawl Stone Soup version 0.30-a0-269-gf0224bf7b6 (webtiles) character file.

Game seed: 11311379475214468471

146 Iusername the Trooper (level 5, 47/47 HPs)
             Began as a Hill Orc Fighter on Oct 14, 2022.
             Quit the game on level 3 of the Dungeon.
             The game lasted 00:02:45 (2056 turns).

Iusername the Trooper (Hill Orc Fighter)            Turns: 2056, Time: 00:02:45

Health: 47/47      AC:  7    Str: 21    XL:     5   Next: 28%
Magic:  5/5        EV:  9    Int:  8    God:
Gold:   96         SH:  4    Dex: 10    Spells: 4/4 levels left

rFire   . . .      SeeInvis .    a - +0 war axe
rCold   . . .      Faith    .    c - +0 buckler
rNeg    . . .      Spirit   .    b - +0 scale mail
rPois   .          Reflect  .    (no helmet)
rElec   .          Harm     .    (no cloak)
rCorr   .          Rampage  .    (no gloves)
Will    .....                    (no boots)
Stlth   ..........               (no amulet)
HPRegen 0.27/turn                (no ring)
MPRegen 0.09/turn                (no ring)

@: studying Staves
A: no striking features
a: no special abilities


You were on level 3 of the Dungeon.
You visited 1 branch of the dungeon, and saw 3 of its levels.

You collected 96 gold pieces.

Inventory:

Hand Weapons
 a - a +0 war axe (weapon)
Missiles
 f - 4 javelins (quivered)
Armour
 b - a +0 scale mail (worn)
 c - a +0 buckler (worn)
Jewellery
 m - a +6 ring of intelligence
 p - a ring of protection from cold
Wands
 r - a wand of polymorph (9)
Scrolls
 h - a scroll of amnesia {unknown}
 i - 3 scrolls of identify {unknown}
 j - 3 scrolls of enchant weapon {unknown}
 k - a scroll of teleportation {unknown}
 l - a scroll of fear {unknown}
 q - a scroll of magic mapping {unknown}
Potions
 d - a potion of might
 e - 2 potions of haste {unknown}
 g - 3 potions of curing {unknown}
 n - 2 potions of heal wounds {unknown}
 o - 2 potions of lignification {unknown}


   Skills:
 + Level 4.7 Fighting
 + Level 4.1 Axes
 + Level 4.2 Armour
 + Level 4.2 Shields


You had 4 spell levels left.
You didn't know any spells.
Your spell library contained the following spells:

 Spells                   Type           Power      Damage    Failure   Level
 Apportation              Tloc           0%         N/A       83%         1
 Necrotise                Necr           0%         1d4       83%         1
 Summon Small Mammal      Summ           0%         N/A       83%         1
 Gell's Gravitas          Tloc           0%         N/A       99%         3
 Lesser Beckoning         Tloc           0%         N/A       99%         3
 Teleport Other           Tloc           0%         N/A       99%         3
 Vhi's Electric Charge    Tloc/Air       0%         N/A       99%         3
 Arcjolt                  Conj/Air       0%         1d10      100%        5
 Maxwell's Capacitive Co  Air            0%         ∞         100%        8


Dungeon Overview and Level Annotations

Branches:
Dungeon (3/15)

Altars:

Shops:
D:3 (?*

Annotations:
D:3 2 transporters, PRIMUS's ghost, amateur HuRe


Message History

The hound is lightly wounded.
The hound barely misses you.
A hound is nearby!
A hound is nearby!
You slash the hound!
The hound is almost dead.
The hound bites you. The hound bites you but does no damage.
A hound is nearby!
You hit the hound.
The hound is almost dead.
The hound barely misses you. The hound bites you but does no damage.
A hound is nearby!
You barely miss the hound.
The hound is almost dead.
The hound bites you but does no damage. The hound bites you.
A hound is nearby!
You miss the hound.
The hound is almost dead.
You block the hound's attack. The hound misses you.
A hound is nearby!
You miss the hound.
The hound is almost dead.
The hound closely misses you. The hound bites you but does no damage.
A hound is nearby!
You hit the hound.
You kill the hound!
PRIMUS's ghost shouts, "You must not fail where I succeeded!"
r - a wand of polymorph (9) No target in view!
Found a transporter.
No target in view!
There is a transporter landing site here.
Partly explored, unvisited transporter.
No target in view!
Partly explored, unvisited transporter.
No target in view!
Partly explored, unvisited transporter.
No target in view!
Partly explored, unvisited transporter.
Are you sure you want to abandon this character and quit the game? (Confirm with "yes".)

.......[....#.....#..##...##..#..
..................#...".©.....#..
.........#........#..##...##..#..
.........#........#..#8...8#..#..
.........#........#..##...##..#..
##########........#...........#..
#........#©...$!$....#..
#........#############..
#......@.......©........
#.......................
########################


There were no monsters in sight!

Vanquished Creatures
  A hound (D:3)
  2 iguanas (D:3)
  An adder (D:3)
  2 worms (D:3)
  A dart slug (D:1)
  An orc (D:3)
  2 endoplasms
  4 giant cockroaches
  3 goblins (D:1)
  8 hobgoblins
  6 jackals (D:2)
  4 ball pythons (D:1)
  3 bats
  A frilled lizard (D:3)
  5 kobolds (D:1)
  A rat (D:1)
45 creatures vanquished.

Notes
Turn   | Place    | Note
-------+----------+-------------------------------------------
     0 | D:1      | Iusername the Hill Orc Fighter began the quest for the Orb.
     0 | D:1      | Reached XP level 1. HP: 19/19 MP: 1/1
   174 | D:1      | Reached XP level 2. HP: 27/27 MP: 2/2
   482 | D:1      | Reached XP level 3. HP: 31/33 MP: 3/3
   727 | D:1      | You fall into a shaft and drop 1 floor!
   737 | D:2      | Found a faded altar of an unknown god.
  1638 | D:3      | Found Atiewiu's Assorted Antiques.
  1649 | D:3      | Reached XP level 4. HP: 41/41 MP: 4/4
  1723 | D:3      | Found a transporter.
  1727 | D:3      | Noticed PRIMUS's ghost (amateur HuRe)
  1847 | D:3      | Found Hyogops's Magic Scroll Boutique.
  1867 | D:3      | Reached XP level 5. HP: 47/47 MP: 5/5
  1940 | D:3      | Found Zogaruc's Weapon Boutique.
  2045 | D:3      | Found a transporter.
  2056 | D:3      | Quit the game

Illustrated notes

Levels and vault maps discovered:
D:1:      beargit_arrival_diablo_church, layout_basic,
          chequers_serial_rivers_small_a, minivault_25, minmay_worlds_worst_comb
D:2:      layout_loops_corners, chequers_ecumenical_altar_grove
D:3:      layout_basic, serial_shops, shop_fountains, shop, nicolae_square_shop,
          gammafunk_ghost_mausoleum

Skill      XL: |  1  2  3  4 |
---------------+-------------+-----
Axes           | 3 4 |  4.1
Fighting       | 4 |  4.7
Armour         | 4 |  4.2
Shields        | 4 |  4.2

Action                   |  1- 3 |  4- 6 || total
-------------------------+-------+-------++-------
Melee: War axe           |    88 |    31 ||   119
Armor: Scale mail        |    43 |    14 ||    57
Dodge: Dodged            |    47 |    18 ||    65
Block: Buckler           |    21 |    11 ||    32

Table legend: (Time is in decaauts)
 A = Elapsed time spent in this place.
 B = Non-inter-level travel time spent in this place.
 C = Inter-level travel time spent in this place.
 D = Time resting spent in this place.
 E = Time spent auto-exploring this place.
 F = Levels seen in this place.
 G = Mean time per level.
                   A        B        C        D        E       F      G
               +--------+--------+--------+--------+--------+-----+--------+
         Total |   2099 |   2083 |     16 |      0 |   1755 |   3 |  699.7 |
       Dungeon |   2099 |   2083 |     16 |      0 |   1755 |   3 |  699.7 |
               +--------+--------+--------+--------+--------+-----+--------+

Top non-repeatable levels by time:
     D:2: 845 daAuts
     D:1: 747 daAuts
     D:3: 506 daAuts
